 Dungeon Crawl Stone Soup version 0.30-a0-920-g7493c07aab (webtiles) character file.

Game seed: 15434490891779827069

15204 Newt the Markskobold (level 12, -3/72 HPs)
             Began as a Kobold Hunter on Mar 21, 2023.
             Was a Priest of Hepliaklqana.
             Slain by an ogre mage
             ... wielding a +1 morningstar of flaming
              (20 damage)
             ... on level 10 of the Dungeon.
             The game lasted 00:10:09 (11052 turns).

Newt the Markskobold (Kobold Hunter)               Turns: 11052, Time: 00:10:09

Health: -3/72      AC:  5    Str:  9    XL:     12   Next: 54%
Magic:  21/21      EV: 22    Int: 11    God:    Hepliaklqana [***...]
Gold:   803        SH:  0    Dex: 35    Spells: 11/11 levels left

rFire   . . .      SeeInvis .    G - +2 shortbow (drain)
rCold   . . .      Faith    .    (shield currently unavailable)
rNeg    . . .      Spirit   .    B - +0 robe of the Shrike {-Tele rElec Dex+7}
rPois   .          Reflect  .    u - +0 helmet
rElec   +          Rampage  .    e - +1 cloak
rCorr   .          NoTele   +    (no gloves)
Will    .....                    (no boots)
Stlth   ++++                     (no amulet)
HPRegen 0.32/turn                g - +6 ring of dexterity
MPRegen 0.17/turn                C - ring of magical power

@: no status effects
A: reduced essence, small, no large weapons, nightstalker 3
a: Renounce Religion, Recall Ancestor, Ancestor Identity, Transference


You were on level 10 of the Dungeon.
You worshipped Hepliaklqana.
Hepliaklqana was most pleased with you.
You visited 2 branches of the dungeon, and saw 11 of its levels.
You also visited: Ossuary.

You collected 1049 gold pieces.
You spent 246 gold pieces at shops.

Inventory:

Hand Weapons
 a - a +1 shortbow of chaos
 z - a +1 shortbow of freezing
 G - a +2 shortbow of draining (weapon)
Missiles
 M - 2 throwing nets
Armour
 c - a +0 leather armour
 e - a +1 cloak (worn)
 j - a +3 ring mail
 u - a +0 helmet (worn)
 B - the +0 robe of the Shrike (worn) {-Tele rElec Dex+7}
   (You bought it in a shop on level 6 of the Dungeon)

   Dex:       It affects your dexterity (+7).
   rElec:     It insulates you from electricity.
   -Tele:     It prevents most forms of teleportation.
 E - +0 steam dragon scales
Jewellery
 g - a +6 ring of dexterity (left hand)
 A - the ring "Pyen" {Fire Fly rElec Str+4 Dex-4}
   (You found it on level 7 of the Dungeon)

   [ring of fire]

   It enhances your fire magic.
   Str:       It affects your strength (+4).
   Dex:       It affects your dexterity (-4).
   rF:        It protects you from fire.
   rC:        It makes you vulnerable to cold.
   rElec:     It insulates you from electricity.
   Fly:       It grants you flight.
 C - a ring of magical power (right hand)
 O - a ring of magical power
Wands
 m - a wand of flame (16)
 w - a wand of charming (8)
 y - a wand of light (3)
 I - a wand of polymorph (8)
 K - a wand of digging (2)
 N - a wand of roots (5)
Scrolls
 b - 4 scrolls of immolation
 n - 2 scrolls of teleportation
 p - 2 scrolls of summoning
 D - a scroll of amnesia
 H - 2 scrolls of vulnerability
 L - 4 scrolls of identify
Potions
 d - a potion of attraction
 f - 2 potions of cancellation
 h - 2 potions of heal wounds
 i - 3 potions of curing
 k - a potion of magic
 l - 2 potions of might
 o - 4 potions of brilliance
 q - 3 potions of flight
 s - 2 potions of haste
 t - a potion of invisibility
 v - a potion of degeneration
 x - 4 potions of lignification
 F - a potion of berserk rage
 J - a potion of ambrosia


   Skills:
 + Level 11.1 Fighting
 - Level 20.0 Ranged Weapons
 - Level 6.0 Dodging
 - Level 1.3 Stealth
 - Level 6.0 Evocations


You had 11 spell levels left.
You didn't know any spells.
Your spell library contained the following spells:

 Spells                   Type           Power      Damage    Failure   Level
 Sting                    Tmut/Pois      0%         1d3       34%         1
 Ensorcelled Hibernation  Hex/Ice        0%         N/A       47%         2
 Passwall                 Tmut/Erth      0%         N/A       47%         2
 Poisonous Vapours        Pois/Air       0%         N/A       47%         2
 Swiftness                Air            0%         N/A       71%         3
 Olgreb's Toxic Radiance  Pois           0%         N/A       98%         4
 Blade Hands              Tmut           0%         N/A       100%        5
 Irradiate                Conj/Tmut      0%         3d11      100%        5
 Dragon Form              Tmut           0%         N/A       100%        7


Dungeon Overview and Level Annotations

Branches:
Dungeon (10/15)            Temple (1/1) D:5         Ossuary (visited)
   Lair: D:8-11         Orc: D:9-12

Altars:
Ashenzari
Cheibriados
Dithmenos
Elyvilon
Fedhas
Gozag
Hepliaklqana
Kikubaaqudgha
Makhleb
Nemelex Xobeh
Okawaru
Qazlal
Ru
Sif Muna
Trog
Uskayaw
Vehumet
Wu Jian
Xom
Yredelemnul
Zin
The Shining One

Shops:
D:5 :   D:6 *


Innate Abilities, Weirdness & Mutations

Your life essence is reduced to manifest your ancestor. (-10% HP)
You are small and have problems with some larger weapons.
You are completely attuned to the shadows.


Message History

The centaur warrior wields a +0 longbow.
The centaur warrior shoots an arrow.
The arrow hits Tiberius.
Unknown command.
You shoot an arrow. The arrow hits the ogre mage.
The ogre mage is lightly wounded.
The ogre mage gestures wildly while chanting.
The ogre mage flickers and vanishes!
Deactivating autopickup; reactivate with Ctrl-A.
The centaur warrior shoots an arrow.
Tiberius blocks the arrow.
Unknown command.
You shoot an arrow.
Tiberius hits the centaur warrior with a +0 flail!
The centaur warrior unwields a +0 longbow.
The centaur warrior hits Tiberius but does no damage.
The centaur warrior barely misses Tiberius.
Something hits Tiberius!
Tiberius is destroyed!
Something hits you! Something burns you.
The centaur warrior shouts!
You shoot an arrow. You shoot an arrow.
The centaur warrior wields a +0 longbow.
The centaur warrior shoots an arrow.
The arrow hits you!
* * * LOW HITPOINT WARNING * * *
Fire: G) +2 shortbow (drain)
Press: ? - help, Shift-Dir - straight line, f - centaur warrior
Aim: a centaur warrior, wielding a +0 longbow and wearing an amulet of magic regeneration (heavily wounded, 82% to hit)
You feel much better.
The centaur warrior shoots an arrow.
The arrow hits you!!
The centaur warrior shoots an arrow.
The arrow hits you!
* * * LOW HITPOINT WARNING * * *
Okay, then.
As you read the scroll of fear, it crumbles to dust.
You assume a fearsome visage.
The centaur warrior looks frightened!
You hear some strange, mumbled words.
Something tries to affect you, but you resist.
You start resting.
Something misses you.
You start resting.
Something hits you!!
You die...

. #..†.O# #.##..# .
###c### ###.### .
#.....# ##....# .
#.###.# #.##..# .
#...?c# #..#..#
#.##..# #..##.#
#..#..# #....##
#.### ######.###
#..## #@.#.....#
##.#.#####.#####.#
..†....###.....†.#
#.#.####..#.#####.#
##..# ###..#[..R.#
## ##########


There were no monsters in sight!

Vanquished Creatures
  Gastronok (D:8)
  A centaur warrior (D:10)
  A two-headed ogre (D:9)
  Pikel (D:7)
  A wizard (D:10)
  The ghost of DeathPants the Carver, a novice VSGl of Gozag (D:7)
  Maurice (D:10)
  A gargoyle (D:10)
  A cane toad (shapeshifter) (D:9)
  Psyche (D:9)
  A troll (D:9)
  A hornet (D:10)
  A slime creature (D:9)
  2 yaks (D:10)
  A wraith (D:10)
  2 wyverns (D:9)
  A steam dragon (D:9)
  2 acid dragons (D:10)
  A water moccasin (D:6)
  6 orc warriors
  9 ice beasts
  4 sky beasts
  11 ogres
  10 centaurs
  5 kobold brigands
  A phantom (D:7)
  4 bullfrogs
  4 scorpions
  9 wights
  A hornet simulacrum (D:7)
  10 killer bees
  4 vampire bats (D:4)
  A wyvern simulacrum (D:7)
  A centaur zombie (Ossuary)
  3 gnoll boudas
  2 jellies
  4 hounds
  5 orc priests
  4 iguanas
  Ijyb (D:5)
  8 orc wizards
  A sleepcap (D:6)
  5 mummies (Ossuary)
  Robin (D:4)
  4 adders
  7 gnolls
  5 white imps
  2 ufetubi
  A worm (D:5)
  2 dart slugs (D:1)
  43 orcs
  4 ball pythons
  6 endoplasms
  3 giant cockroaches
  22 goblins
  6 hobgoblins
  9 jackals
  15 kobolds
  5 quokkas
  6 bats
  2 frilled lizards (D:3)
  6 hobgoblin zombies (Ossuary)
  2 rats (D:1)
286 creatures vanquished.

Vanquished Creatures (collateral kills)
  Lodul (D:10)
  Maggie (D:7)
  A komodo dragon (D:10)
  A troll (D:10)
  A queen bee (D:8)
  A wyvern (D:9)
  An orc warrior (D:9)
  A centaur (D:9)
  2 killer bees (D:9)
  A vampire bat (D:4)
  A howler monkey (D:9)
  A hound (D:7)
  2 orc wizards
  An orc (D:9)
  2 bats (D:4)
18 creatures vanquished.

Vanquished Creatures (others)
  2 ancestors (D:8)
  2 knights
  9 plants
13 creatures vanquished.

Grand Total: 317 creatures vanquished

Notes
Turn   | Place    | Note
-------+----------+-------------------------------------------
     0 | D:1      | Newt the Kobold Hunter began the quest for the Orb.
     0 | D:1      | Reached XP level 1. HP: 12/12 MP: 1/1
   109 | D:1      | Reached XP level 2. HP: 18/18 MP: 2/2
   288 | D:1      | Reached XP level 3. HP: 23/23 MP: 3/3
   895 | D:2      | Found a faded altar of an unknown god.
  1398 | D:3      | Reached XP level 4. HP: 19/30 MP: 4/4
  1404 | D:3      | Reached skill level 5 in Fighting
  1440 | D:3      | Reached skill level 6 in Ranged Weapons
  1440 | D:3      | Reached XP level 5. HP: 10/35 MP: 5/5
  1787 | D:3      | Found a bloodstained altar of Trog.
  2081 | D:3      | Reached skill level 7 in Ranged Weapons
  2081 | D:3      | Reached XP level 6. HP: 35/40 MP: 6/6
  2266 | D:3      | Found a large runed translucent door.
  2313 | D:3      | Found a large runed translucent door.
  2326 | D:3      | Found a hide-covered altar of Uskayaw.
  2336 | D:3      | Found a shimmering altar of Xom.
  2415 | D:4      | Reached skill level 8 in Ranged Weapons
  2502 | D:4      | Reached XP level 7. HP: 41/44 MP: 7/7
  2531 | D:4      | Found a sand-covered staircase.
  2546 | Ossuary  | Entered an ossuary
  2554 | Ossuary  | Reached skill level 9 in Ranged Weapons
  2804 | D:4      | Reached skill level 10 in Ranged Weapons
  2887 | D:4      | Found an opulent altar of Gozag.
  2919 | D:4      | Reached XP level 8. HP: 49/49 MP: 8/8
  3072 | D:4      | Reached skill level 5 in Dodging
  3291 | D:4      | Noticed Robin
  3311 | D:4      | Killed Robin
  3933 | D:5      | Entered Level 5 of the Dungeon
  4273 | D:5      | Reached skill level 11 in Ranged Weapons
  4664 | D:5      | Reached skill level 12 in Ranged Weapons
  4664 | D:5      | Reached XP level 9. HP: 54/54 MP: 9/9
  4681 | D:5      | Found Goosymin's Book Shop.
  4726 | D:5      | Found a staircase to the Ecumenical Temple.
  4772 | D:5      | Noticed Ijyb
  4775 | D:5      | Killed Ijyb
  4821 | Temple   | Entered the Ecumenical Temple
  5119 | Temple   | Became a worshipper of Hepliaklqana the Forgotten
  5424 | D:5      | Found a faded altar of an unknown god.
  5429 | D:5      | Found a faded altar of an unknown god.
  5431 | D:5      | Found a snail-covered altar of Cheibriados.
  5432 | D:5      | Found a sacrificial altar of Ru.
  5437 | D:5      | Found a stormy altar of Qazlal.
  5552 | D:6      | Found Duplecu's General Store.
  5600 | D:6      | Reached skill level 13 in Ranged Weapons
  5852 | D:6      | Reached skill level 14 in Ranged Weapons
  6404 | D:6      | Bought the +0 robe of the Shrike {-Tele rElec Dex+7} for
                  | 246 gold pieces
  6436 | D:7      | Reached * piety under Hepliaklqana
  6531 | D:7      | Found a shimmering blue altar of Sif Muna.
  6551 | D:7      | Noticed Pikel
  6567 | D:7      | Killed Pikel
  6568 | D:7      | Reached skill level 15 in Ranged Weapons
  6568 | D:7      | Reached XP level 10. HP: 52/54 MP: 10/10
  6801 | D:7      | Identified the +6 falchion "Obyzay" {freeze, rF- Int+5}
  7025 | D:7      | Found a runed translucent gate.
  7026 | D:7      | Found a runed translucent gate.
  7027 | D:7      | Found a runed translucent gate.
  7214 | D:7      | Noticed Maggie
  7219 | D:7      | Killed Maggie
  7310 | D:7      | Found a shadowy altar of Dithmenos.
  7570 | D:7      | Noticed DeathPants's ghost (novice VSGl)
  7578 | D:7      | Killed DeathPants's ghost
  7579 | D:7      | Reached skill level 5 in Evocations
  7596 | D:7      | Got the ring "Pyen" {Fire Fly rElec Str+4 Dex-4}
  7648 | D:8      | Noticed Gastronok
  7946 | D:8      | Killed Gastronok
  7947 | D:8      | Reached skill level 16 in Ranged Weapons
  7947 | D:8      | Reached XP level 11. HP: 44/61 MP: 11/11
  8191 | D:8      | Reached skill level 17 in Ranged Weapons
  8793 | D:8      | Reached ** piety under Hepliaklqana
  8794 | D:8      | Remembered your ancestor Tiberius as a knight
  9351 | D:9      | Reached skill level 18 in Ranged Weapons
  9583 | D:9      | Noticed a two-headed ogre
  9587 | D:9      | Killed a two-headed ogre
  9588 | D:9      | Reached skill level 19 in Ranged Weapons
  9850 | D:9      | Noticed Psyche
  9853 | D:9      | Killed Psyche
 10518 | D:10     | Entered Level 10 of the Dungeon
 10574 | D:10     | Noticed Lodul
 10575 | D:10     | Reached XP level 12. HP: 65/65 MP: 12/12
 10596 | D:10     | Killed Lodul
 10597 | D:10     | Reached skill level 20 in Ranged Weapons
 10663 | D:10     | Noticed Maurice
 10669 | D:10     | Killed Maurice
 10713 | D:10     | Reached *** piety under Hepliaklqana
 10967 | D:10     | Reached skill level 10 in Fighting
 10994 | D:10     | Noticed a centaur warrior
 11012 | D:10     | Killed a centaur warrior
 11021 | D:10     | Noticed a centaur warrior
 11021 | D:10     | Noticed an ogre mage
 11022 | D:10     | Identified the +0 arbalest of Hadan Ato {penet, Fragile
                  | rPois rCorr Int+2}
 11052 | D:10     | Slain by an ogre mage

Illustrated notes

Levels and vault maps discovered:
D:1:      dpeg_arrival_stonehenge_8_columns, layout_basic
D:2:      layout_basic, chequers_ecumenical_altar_lobes
D:3:      layout_basic, trog_three_pillars_becter, jmf_multi_god_temple2,
          hangedman_decor_growths, nrook_loot_triangle
D:4:      kennysheep_goblin_castle, layout_basic,
          nicolae_gozag_cash_rules_everything_around_me,
          lightli_ossuary_entry_decrepit_ruins, minmay_misc_feat_hallway,
          roderic_batcave
D:5:      layout_loops_ring, chequers_temple_overflow_minitemple,
          minmay_temple_entry_drinking_statues, serial_shops, shop, uniq_ijyb
D:6:      layout_layer_cave, serial_shops, nicolae_shop_hallway_plus
D:7:      layout_cave_pods, grunt_dithmenos_shadows,
          nicolae_overflow_hidden_temple, gammafunk_ghost_icy, uniq_maggie,
          uniq_pikel
D:8:      layout_rooms, nicolae_looking_at_the_future, uniq_gastronok
D:9:      kennysheep_windowed_halls, layout_long_grid, grunt_ogre_cave,
          nicolae_wwwww, kennysheep_pointless_box, uniq_psyche
D:10:     minmay_the_grid_square_5x5_3x3 [minmay_the_grid_square_5x5_shuriken,
          minmay_the_grid_square_5x5_inner_z, minmay_the_grid_square_5x5_three,
          minmay_the_grid_square_5x5_minibox,
          minmay_the_grid_square_5x5_megaprize_diamond,
          minmay_the_grid_square_5x5_seven, minmay_the_grid_square_5x5_dogpile,
          minmay_the_grid_square_5x5_trominoes,
          minmay_the_grid_square_5x5_hourglass], layout_cross,
          david_lair_generic, minmay_splitting_lines, chequers_garden,
          uniq_maurice, uniq_lodul
Temple:   oiseaux_autumnal_temple

Skill      XL: |  1  2  3  4  5  6  7  8  9 10 11 12 |
---------------+-------------------------------------+-----
Fighting       | 3 4 5 6 8 11 | 11.1
Ranged Weapons | 6 7 8 10 12 15 16 19 20 | 20.0
Dodging        | 4 6 |  6.0
Evocations     | 6 |  6.0
Stealth        | |  1.3

Action                     |  1- 3 |  4- 6 |  7- 9 | 10-12 || total
---------------------------+-------+-------+-------+-------++-------
  Melee: Shortbow          |       |     1 |       |     1 ||     2
   Fire: Shortbow          |    54 |   100 |   255 |   436 ||   845
 Invoke: Ancestor Life: Kn |       |       |       |     1 ||     1
  Evoke: Wand              |       |       |       |     1 ||     1
    Use: Scroll            |     4 |     4 |     8 |     7 ||    23
         Potion            |       |     2 |       |     5 ||     7
 Armour: Leather armour    |     3 |     7 |       |       ||    10
         Ring mail         |       |    15 |    52 |       ||    67
         Robe              |       |       |     2 |    16 ||    18
  Dodge: Dodged            |     6 |    42 |   140 |   134 ||   322

Table legend: (Time is in decaauts)
 A = Elapsed time spent in this place.
 B = Non-inter-level travel time spent in this place.
 C = Inter-level travel time spent in this place.
 D = Time resting spent in this place.
 E = Time spent auto-exploring this place.
 F = Levels seen in this place.
 G = Mean time per level.
                   A        B        C        D        E       F      G
               +--------+--------+--------+--------+--------+-----+--------+
         Total |  10993 |  10593 |    400 |   1370 |   7733 |  12 |  916.1 |
       Dungeon |  10426 |  10051 |    375 |   1370 |   7280 |  10 | 1042.6 |
        Temple |    337 |    312 |     25 |      0 |    286 |   1 |  337.0 |
       Ossuary |    228 |    228 |      0 |      0 |    166 |   1 |  228.0 |
               +--------+--------+--------+--------+--------+-----+--------+

Top non-repeatable levels by time:
     D:7: 1435 daAuts
     D:4: 1379 daAuts
     D:9: 1297 daAuts
     D:5: 1290 daAuts
     D:8: 1244 daAuts
     D:3: 1025 daAuts
     D:6: 886 daAuts
     D:2: 797 daAuts
     D:1: 568 daAuts
    D:10: 502 daAuts
  Temple: 337 daAuts
 Ossuary: 228 daAuts
